 Dungeon Sprint DCSS version 0.16-a0-3596-g438c78e (webtiles) character file.

28221 BluebellGnoll the Shatterer (level 13, -27/82 HPs)
             Began as a Gargoyle Skald on Jan 11, 2015.
             Was the Champion of Qazlal.
             Killed from afar by a pearl dragon (34 damage)
             ... with a blast of cleansing flame
             ... in the Dungeon (Sprint V: "Ziggurat Sprint") on Jan 12, 2015.
             The game lasted 00:34:11 (1608 turns).

BluebellGnoll the Shatterer (Gargoyle Skald)        Turns: 1608, Time: 00:34:11

Health: -27/82     AC: 40    Str: 29    XL:     13   Next: 37%
Magic:  9/28       EV:  6    Int: 16    God:    Qazlal [******]
Gold:   0          SH: 43    Dex: 20    Spells: 6 memorised, 3 levels left

rFire  + . .     SeeInvis +     V - +7 mace of the Sugar Beet {speed, rN+ SInv Stlth-}
rCold  + . .     Clarity  .     K - +5 gold dragon armour
rNeg   + + +     SustAb   .     L - +18 shield of the gong {rElec rN+ MR+ EV-5}
rPois  ∞         Gourm    +     M - +2 helmet {SInv}
rElec  +         Spirit   .     S - +2 cloak {MR+}
rCorr  .         Warding  .     (no gloves)
rMut   .         NoTele   +     (no boots)
MR     ++...                    t - amulet of the gourmand
Stlth  ..........               o - +6 ring of dexterity
                                s - +6 ring of strength

@: mighty, agile, protected from physical damage, very slightly contaminated,
hasted, glowing, studying Fire Magic, repel missiles, very quick, very resistant
to hostile enchantments, extremely unstealthy
A: negative energy resistance 1, electricity resistance, unbreathing,
petrification resistance, rot immunity, AC +9
a: Upheaval, Elemental Force, Disaster Area, Renounce Religion


You were in the Dungeon.
You worshipped Qazlal.
Qazlal was exalted by your worship.
You were full.

You visited 1 branch

Inventory:

Hand weapons
 a - a +5 demon whip
 H - the +6 shillelagh "Devastator"
   (You found it in the Dungeon)
 V - the +7 mace of the Sugar Beet (weapon) {speed, rN+ SInv Stlth-}
   (You found it in the Dungeon)

   Attacks with this weapon are significantly faster.
   It protects you from negative energy.
   It enhances your eyesight.
   It makes you less stealthy.
Armour
 K - a +5 gold dragon armour (worn)
 L - the +18 shield of the gong (worn) {rElec rN+ MR+ EV-5}
   (You found it in the Dungeon)

   It affects your evasion (-5).
   It insulates you from electricity.
   It protects you from negative energy.
   It affects your resistance to hostile enchantments.
 M - a +2 helmet of see invisible (worn)
 S - a +2 cloak of magic resistance (worn)
Jewellery
 b - an uncursed ring of protection from magic
 o - a +6 ring of dexterity (right hand)
 q - a +6 ring of intelligence
 r - a +6 ring of intelligence
 s - a +6 ring of strength (left hand)
 t - an amulet of the gourmand (around neck)
 N - an uncursed ring of sustain abilities
 Z - the ring "Broi" {rPois rC++}
   (You found it in the Dungeon)

   [ring of poison resistance]

   It greatly protects you from cold.
   It protects you from poison.
Magical devices
 k - a wand of disintegration (7)
 l - a wand of fire (4)
 m - a wand of cold (5)
 n - a wand of draining (5)
 R - a wand of hasting (4)
Scrolls
 j - 3 scrolls of blinking
 w - 4 scrolls of amnesia
 x - 3 scrolls of recharging
 y - 7 scrolls of fog
 z - 2 scrolls of holy word
 A - 5 scrolls of identify
 B - 4 scrolls of remove curse
 C - 2 scrolls of fear
Potions
 e - 10 potions of curing
 f - 10 potions of heal wounds
 g - 5 potions of haste
 h - 7 potions of magic
 i - 3 potions of berserk rage
 D - 2 potions of brilliance
 E - 2 potions of invisibility
 F - 2 potions of restore abilities
 G - 4 potions of resistance
 I - 4 potions of agility
 J - 4 potions of might
Books
 p - a tome of Destruction
 O - a manual of Fire Magic
Miscellaneous
 c - a sack of spiders
 P - 4 fans of gales (2 inert)
 Q - a phantom mirror
 T - a sack of spiders {used: 1}
 W - 3 stones of tremors
 X - a lantern of shadows
 Y - a phial of floods (inert)
Comestibles
 d - 5 bread rations
 u - 41 fruits
 v - 4 meat rations


   Skills:
 - Level 10.0 Fighting
 - Level 21.2 Maces & Flails
 - Level 8.2 Armour
 - Level 0.7 Dodging
 - Level 18.4 Shields
 - Level 2.0 Spellcasting
 - Level 2.6 Charms
 + Level 10.6 Invocations
 * Level 12.8 Evocations


You had 3 spell levels left.
You knew the following spells:

 Your Spells              Type           Power        Failure   Level  Hunger
a - Infusion              Chrm           ##....       100%        1    #......
b - Shroud of Golubria    Chrm/Tloc      #.........   100%        2    ###....
c - Song of Slaying       Chrm           ##......     100%        2    ###....
d - Regeneration          Chrm/Necr      #.........   100%        3    ###....
e - Spectral Weapon       Hex/Chrm       #.......     100%        3    ###....
f - Blink                 Tloc           N/A          100%        2    ###....


Dungeon Overview and Level Annotations

Branches:
Dungeon (1/1)

Altars:
Ashenzari
Cheibriados
Dithmenos
Elyvilon
Fedhas
Gozag
Kikubaaqudgha
Makhleb
Nemelex Xobeh
Okawaru
Qazlal
Ru
Sif Muna
Trog
Vehumet
Xom
Yredelemnul
Zin
The Shining One
Beogh
Jiyva
Lugonu


Innate Abilities, Weirdness & Mutations

You are resistant to torment.
You are immune to poison.
Your stone body is very resilient (AC +9).
You resist negative energy.
You are resistant to electric shocks.
You can survive without breathing.
You are immune to petrification.
You are immune to rotting.


Message History

You block the pearl dragon's attack.
GONNNNG!
Unknown command.
Drink which item? (? for menu, Esc to quit)
You feel much better.
You are engulfed in blessed fire.
Your air elemental misses the pearl dragon.
The angel gestures.
The angel is healed somewhat.
The cherub shoots an arrow.
GONNNNG!
You block the arrow. The pearl dragon bites you!!
* * * LOW HITPOINT WARNING * * *
You block the pearl dragon's attack.
BOUMMMMG!
Your air elemental completely misses the pearl dragon.
Your water elemental completely misses the angel.
Your jumping spider leaps!
Your air elemental closely misses the pearl dragon.
The pearl dragon breathes holy energy at you.
The blast of cleansing flame engulfs you!
You die...

▓▓▓▓▓▓▓▓▓▓▓▓▓▓▓▓▓▓▓▓▓▓▓▓
▓.....8©8.....▓....8©8..
▓..:}?=@§§\...▓..)§§)§):
▓...)s[§D§§§..▓..[.=|).)
▓.....AAD§§§..▓....§....
▓......E§§§§..▓....)....
▓...≈≈§≈§E§...▓.....)...
▓...≈≈≈≈..(...▓.........
▓...≈≈≈(......▓..▓...).▓
▓..▓..(....▓..▓.▓▓▓.))▓▓
▓ ▓▓.....▓▓▓.▓..▓..).)▓


You could see 2 pearl dragons, an angel (roused), a cherub, a friendly air
elemental and a friendly jumping spider.

Vanquished Creatures
  3 deep elf blademasters (D)
  A shadow dragon (D)
  A balrug (D)
  A deep elf sorcerer (D)
  An angel (D)
  An orc warlord (D)
  3 ophanim (D)
  A deep elf annihilator (D)
  An ice dragon (D)
  A soul eater (D)
  2 deep elf knights (D)
  2 ice devils (D)
  A spriggan druid (D)
  A deep elf conjurer (D)
  2 orc knights (D)
  A moth of wrath (D)
  3 orc sorcerers (D)
  A rust devil (D)
  A naga mage (D)
  A hellion (D)
  A spiny frog (D)
  3 merfolk (D)
  3 polar bears (D)
  A hellwing (D)
  A yak (D)
  A trapdoor spider (shapeshifter) (D)
  An air elemental (D)
  A deep elf mage (D)
  A shadow (D)
  3 spriggans (D)
  2 wolves (D)
  2 nagas (D)
  A porcupine (D)
  2 water moccasins (D)
  3 phantoms (D)
  2 ice beasts (D)
  A black bear (D)
  A wasp (D)
  An ogre (D)
  3 necrophages (D)
  3 giant frogs (D)
  A wight (D)
  An iguana (D)
  2 sheep (D)
  7 river rats (D)
  5 adders (D)
  3 white imps (D)
  2 ufetubi (D)
  4 adder skeletons (D)
  An adder zombie (D)
  An adder simulacrum (D)
  4 orcs (D)
  3 ball pythons (D)
  2 bat skeletons (D)
  A bat zombie (D)
  2 jackals (D)
  A ball python zombie (D)
  A giant cockroach simulacrum (D)
  2 giant cockroach zombies (D)
  A giant gecko skeleton (D)
  A quokka skeleton (D)
  3 fungi (D)
114 creatures vanquished.

Vanquished Creatures (collateral kills)
  A soul eater (D)
  A cherub (D)
  A flying skull (D)
  An adder zombie (D)
  A spectral bat (D)
  A bat skeleton (D)
  A giant cockroach zombie (D)
7 creatures vanquished.

Vanquished Creatures (others)
  2 trapdoor spiders (D)
  A redback (D)
  5 air elementals (D)
  3 water elementals (D)
11 creatures vanquished.

Grand Total: 132 creatures vanquished

Notes
Turn   | Place    | Note
--------------------------------------------------------------
     0 | D        | BluebellGnoll, the Gargoyle Skald, began the quest for the Orb.
     0 | D        | Reached XP level 1. HP: 12/12 MP: 3/3
     0 | D        | Found a viscous altar of Jiyva.
     0 | D        | Found a corrupted altar of Lugonu.
     0 | D        | Found a white marble altar of Elyvilon.
     2 | D        | Found a sparkling altar of Nemelex Xobeh.
     2 | D        | Found a burning altar of Makhleb.
     2 | D        | Found a deep blue altar of Sif Muna.
     3 | D        | Found a bloodstained altar of Trog.
     6 | D        | Found an iron altar of Okawaru.
    13 | D        | Found a radiant altar of Vehumet.
    15 | D        | Found a basalt altar of Yredelemnul.
    48 | D        | Reached skill level 8 in Armour
    48 | D        | Reached XP level 2. HP: 17/17 MP: 4/4
    56 | D        | Found a shimmering altar of Xom.
    89 | D        | Became a worshipper of Qazlal Stormbringer
   102 | D        | Learned a level 2 spell: Shroud of Golubria
   105 | D        | Learned a level 2 spell: Song of Slaying
   105 | D        | Entered arena 1.
   105 | D        | Noticed a yak
   110 | D        | Killed a yak
   110 | D        | Reached skill level 9 in Maces & Flails
   110 | D        | Reached XP level 3. HP: 21/21 MP: 6/6
   110 | D        | Reached XP level 4. HP: 26/26 MP: 7/7
   110 | D        | Reached XP level 5. HP: 30/30 MP: 9/9
   118 | D        | Entered arena 2.
   118 | D        | Noticed a merfolk
   118 | D        | Noticed a merfolk
   118 | D        | Noticed a merfolk
   126 | D        | Killed a merfolk
   126 | D        | Acquired Qazlal's first power
   126 | D        | Reached XP level 6. HP: 32/42 MP: 10/10
   129 | D        | Killed a merfolk
   129 | D        | Reached XP level 7. HP: 35/50 MP: 12/12
   130 | D        | Killed a merfolk
   130 | D        | Reached skill level 10 in Fighting
   225 | D        | Entered arena 3.
   225 | D        | Noticed a hellwing
   228 | D        | Acquired Qazlal's second power
   237 | D        | Killed a hellwing
   237 | D        | Reached skill level 10 in Maces & Flails
   237 | D        | Reached XP level 8. HP: 43/57 MP: 13/13
   248 | D        | Learned a level 3 spell: Regeneration
   252 | D        | Learned a level 3 spell: Spectral Weapon
   307 | D        | Entered arena 4.
   307 | D        | Noticed an iguana
   307 | D        | Noticed a giant frog
   309 | D        | Acquired Qazlal's third power
   309 | D        | Killed an iguana
   310 | D        | Killed a giant frog
   322 | D        | Entered arena 5.
   324 | D        | Acquired Qazlal's fourth power
   338 | D        | Entered arena 6.
   338 | D        | Noticed a spriggan
   338 | D        | Noticed a black bear
   338 | D        | Noticed a spriggan druid
   338 | D        | Noticed a wolf
   338 | D        | Noticed a spriggan
   338 | D        | Noticed a spriggan rider
   342 | D        | Killed a black bear
   342 | D        | Reached skill level 11 in Maces & Flails
   342 | D        | Reached skill level 5 in Invocations
   342 | D        | Killed a spriggan
   342 | D        | Acquired Qazlal's fifth power
   344 | D        | Killed a wolf
   348 | D        | Killed a wasp
   348 | D        | Reached skill level 12 in Maces & Flails
   350 | D        | Killed a spriggan
   350 | D        | Reached XP level 9. HP: 58/62 MP: 16/20
   350 | D        | Killed a spriggan druid
   350 | D        | Reached skill level 13 in Maces & Flails
   352 | D        | Killed a spriggan
   372 | D        | Entered arena 7.
   372 | D        | Noticed a naga
   372 | D        | Noticed a water moccasin
   372 | D        | Noticed a naga mage
   372 | D        | Noticed a water moccasin
   374 | D        | Killed a water moccasin
   375 | D        | Killed a naga mage
   375 | D        | Reached skill level 14 in Maces & Flails
   375 | D        | Reached skill level 10 in Invocations
   376 | D        | Killed a water moccasin
   381 | D        | Killed a naga
   454 | D        | Entered arena 8.
   454 | D        | Noticed a naga
   468 | D        | Killed a naga
   468 | D        | Reached XP level 10. HP: 65/68 MP: 24/24
   480 | D        | Got the +7 mace of the Sugar Beet {speed, rN+ SInv Stlth-}
   491 | D        | Entered arena 9.
   491 | D        | Noticed a giant frog
   491 | D        | Noticed a giant frog
   491 | D        | Noticed a spiny frog
   491 | D        | Noticed a porcupine
   491 | D        | Noticed a wolf
   498 | D        | Killed a spiny frog
   498 | D        | Killed a porcupine
   500 | D        | Killed a wolf
   500 | D        | Reached skill level 5 in Evocations
   500 | D        | Killed a giant frog
   502 | D        | Killed a giant frog
   523 | D        | Entered arena 10.
   523 | D        | Noticed a necrophage
   523 | D        | Noticed a phantom
   523 | D        | Noticed a phantom
   523 | D        | Noticed a phantom
   523 | D        | Noticed a necrophage
   524 | D        | Killed a necrophage
   532 | D        | Killed a necrophage
   539 | D        | Killed a phantom
   543 | D        | Killed a phantom
   544 | D        | Killed a phantom
   551 | D        | Got the cursed ring of Jouha {+Rage rPois Str-3}
   593 | D        | Entered arena 11.
   593 | D        | Noticed a soul eater
   593 | D        | Noticed a shadow dragon
   594 | D        | Noticed a soul eater
   603 | D        | Killed a soul eater
   611 | D        | Killed a shadow dragon
   630 | D        | Killed a soul eater
   630 | D        | Reached XP level 11. HP: 57/72 MP: 6/26
   883 | D        | Entered arena 12.
   883 | D        | Noticed an orc knight
   883 | D        | Noticed a moth of wrath
   883 | D        | Noticed an orc knight
   883 | D        | Noticed an orc sorcerer
   883 | D        | Noticed an orc warlord
   884 | D        | Noticed an orc sorcerer
   884 | D        | Noticed an ogre
   886 | D        | Killed an ogre
   886 | D        | Killed a moth of wrath
   886 | D        | Reached skill level 15 in Maces & Flails
   886 | D        | Killed an orc sorcerer
   886 | D        | Killed an orc knight
   889 | D        | Killed an orc warlord
   889 | D        | Reached skill level 16 in Maces & Flails
   891 | D        | Killed an orc sorcerer
   891 | D        | Reached skill level 17 in Maces & Flails
   892 | D        | Killed an orc knight
   918 | D        | Got the ring "Broi" {rPois rC++}
   954 | D        | Entered arena 13.
   954 | D        | Noticed an ice beast
   954 | D        | Noticed a polar bear
   955 | D        | Noticed an ice beast
   955 | D        | Noticed a polar bear
   955 | D        | Noticed an ice devil
   955 | D        | Noticed an ice devil
   955 | D        | Noticed an ice dragon
   956 | D        | Noticed a polar bear
   957 | D        | Killed an ice beast
   957 | D        | Killed a polar bear
   957 | D        | Killed an ice beast
   957 | D        | Killed a polar bear
   967 | D        | Killed a polar bear
   973 | D        | Killed an ice devil
   973 | D        | Reached skill level 18 in Maces & Flails
   974 | D        | Killed an ice devil
   976 | D        | Killed an ice dragon
   976 | D        | Reached skill level 19 in Maces & Flails
  1130 | D        | Entered arena 14.
  1130 | D        | Noticed a balrug
  1130 | D        | Noticed a wight
  1131 | D        | Noticed a shadow
  1131 | D        | Noticed a flying skull
  1131 | D        | Noticed a hellion
  1132 | D        | Killed a hellion
  1132 | D        | Killed a wight
  1132 | D        | Killed a shadow
  1133 | D        | Noticed a necrophage
  1136 | D        | Noticed a rust devil
  1138 | D        | Killed a necrophage
  1139 | D        | Killed a flying skull
  1147 | D        | Killed a balrug
  1147 | D        | Reached XP level 12. HP: 35/77 MP: 7/27
  1153 | D        | Killed a rust devil
  1153 | D        | Reached skill level 20 in Maces & Flails
  1166 | D        | Learned a level 2 spell: Blink
  1404 | D        | Entered arena 15.
  1404 | D        | Noticed a deep elf mage
  1404 | D        | Noticed a deep elf sorcerer
  1404 | D        | Noticed a deep elf annihilator
  1405 | D        | Noticed an orc sorcerer
  1405 | D        | Noticed a deep elf blademaster
  1407 | D        | Noticed a deep elf blademaster
  1407 | D        | Noticed a lindwurm
  1407 | D        | Noticed a deep elf blademaster
  1407 | D        | Killed a deep elf annihilator
  1407 | D        | Killed an orc sorcerer
  1407 | D        | a lindwurm changed into a trapdoor spider
  1408 | D        | Noticed a deep elf knight
  1408 | D        | Noticed a deep elf conjurer
  1409 | D        | Noticed a deep elf knight
  1409 | D        | Killed a deep elf sorcerer
  1409 | D        | Reached skill level 21 in Maces & Flails
  1409 | D        | Killed a deep elf mage
  1416 | D        | Killed a deep elf blademaster
  1421 | D        | Killed a deep elf conjurer
  1424 | D        | Killed a deep elf knight
  1424 | D        | Killed a deep elf blademaster
  1425 | D        | Killed a deep elf blademaster
  1425 | D        | Reached skill level 15 in Shields
  1425 | D        | Reached XP level 13. HP: 77/82 MP: 5/28
  1428 | D        | Killed a deep elf knight
  1554 | D        | Entered arena 16.
  1559 | D        | Noticed a cherub
  1559 | D        | Noticed an angel
  1559 | D        | Noticed a pearl dragon
  1561 | D        | Noticed an ophan
  1561 | D        | Noticed a pearl dragon
  1562 | D        | Noticed an ophan
  1562 | D        | Noticed a cherub
  1562 | D        | Noticed an angel
  1562 | D        | Noticed an ophan
  1566 | D        | Killed an angel
  1566 | D        | Killed an ophan
  1570 | D        | Killed an ophan
  1572 | D        | Killed an ophan
  1601 | D        | Killed a cherub
  1606 | D        | HP: 3/82 [pearl dragon/blast of cleansing flame (19)]
  1608 | D        | Killed from afar by a pearl dragon

Action                   |  1- 3 |  4- 6 |  7- 9 | 10-12 | 13-15 || total
-------------------------+-------+-------+-------+-------+-------++-------
Melee: Shillelagh        |     4 |     7 |    41 |    69 |    12 ||   133
       Mace              |       |       |       |    32 |    16 ||    48
 Cast: Regeneration      |       |       |       |     5 |     1 ||     6
       Shroud of Golubri |       |       |       |     5 |     1 ||     6
       Song of Slaying   |       |       |       |     4 |     1 ||     5
Invok: Upheaval          |       |       |     3 |    11 |       ||    14
       Elemental Force   |       |       |       |     2 |     1 ||     3
       Disaster Area     |       |       |       |     3 |     2 ||     5
Evoke: Wand              |       |       |     1 |       |       ||     1
       Fan of gales      |       |       |       |       |     2 ||     2
       Phial of floods   |       |       |       |       |     1 ||     1
       Sack of spiders   |       |       |       |       |     1 ||     1
  Use: Potion            |     1 |       |       |       |     5 ||     6
       Scroll            |       |       |       |     1 |     1 ||     2
  Eat: Chunk             |       |       |       |     4 |     7 ||    11
       Fruit             |       |       |       |     1 |       ||     1
